| TOP OF THE 1ST |
|
Kannapolis Intimidators batting - Pitching for Lexington Legends : RHP Rich Frontczak
|
|
Pitching: RHP Rich Frontczak
|
|
|
Batting: LHB Robert Rauda
|
0-0: Ball 1-0: Ball 2-0: Ball 3-0: Called Strike 3-1: Swinging Strike 3-2: Strikes out looking
|
|
Batting: SHB Ivan Barry
|
0-0: Called Strike 0-1: Ball 1-1: Ball 2-1: Ball 3-1: Base on Balls
|
|
Batting: SHB Ruben Velasco Jr.
|
0-0: Ball Ivan Barry steals 2nd base 1-0: Ball 2-0: Called Strike 2-1: Foul Ball, location: 7LSF, Error on foul ball, E7 2-2: Strikes out swinging
|
|
Batting: RHB Vic Lucatero
|
0-0: Ball 1-0: SINGLE (Groundball, 3D, EV 102.5 MPH) Ivan Barry to third Runner from 3rd tries for Home, SAFE, throw by RF to home
|
|
Batting: LHB Kevin Rolison
|
0-0: SINGLE (Line Drive, 6MD, EV 99.4 MPH) Vic Lucatero to second
|
|
Batting: RHB Benny O'Connor
|
0-0: Ball 1-0: Ball 2-0: Ball 3-0: Base on Balls Vic Lucatero to third Kevin Rolison to second
|
|
Batting: SHB Josh Conner
|
0-0: Ball 1-0: Fly out, F7 (Flyball, 7S, EV 92.5 MPH)
|
| Top of the 1st over - 1 run, 2 hits, 1 error, 3 left on base; Kannapolis 1 - Lexington 0 |
| BOTTOM OF THE 1ST |
|
Lexington Legends batting - Pitching for Kannapolis Intimidators : RHP Doug Frampton
|
|
Pitching: RHP Doug Frampton
|
|
|
Batting: RHB Doug Carter
|
0-0: Ball 1-0: Ball 2-0: Ball 3-0: Called Strike 3-1: Bunted foul 3-2: Foul Ball, location: 2F 3-2: SINGLE (Line Drive, 4D, EV 101.9 MPH)
|
|
Batting: SHB Ryoji Hiraoka
|
0-0: Ball Doug Carter steals 2nd base 1-0: Swinging Strike 1-1: Ball 2-1: TRIPLE (Flyball, 9LD, EV 95.0 MPH) Doug Carter scores
|
|
Batting: RHB Andy Urquhart
|
0-0: Fly out, F4 (Popup, 4D, EV 68.8 MPH)
|
|
Batting: RHB Pete Deschamps
|
0-0: Foul Ball, location: 2F 0-1: Foul Ball, location: 2F 0-2: Strikes out swinging
|
|
Batting: LHB Robert Wilkins
|
0-0: Called Strike 0-1: Called Strike 0-2: Ball 1-2: Foul Ball, location: 2F 1-2: Foul Ball, location: 2F 1-2: Ball 2-2: Ball 3-2: Foul Ball, location: 2F 3-2: Foul Ball, location: 2F 3-2: Base on Balls
|
|
Batting: RHB Ben Garrett
|
0-0: Called Strike 0-1: Ball 1-1: Foul Ball, location: 2F 1-2: Strikes out swinging
|
| Bottom of the 1st over - 1 run, 2 hits, 0 errors, 2 left on base; Kannapolis 1 - Lexington 1 |
| TOP OF THE 2ND |
|
Kannapolis Intimidators batting - Pitching for Lexington Legends : RHP Rich Frontczak
|
|
Batting: RHB Peter Wheeler
|
0-0: Ball 1-0: Foul Ball, location: 2F 1-1: Reached on error, E6 (Groundball, 56, EV 101.9 MPH)
|
|
Batting: RHB Egidius Kruger
|
0-0: Ball 1-0: Fielders Choice at 2nd, 1-6 (Groundball, 13S, EV 75.0 MPH)
|
|
Batting: LHB Robert Rauda
|
0-0: Called Strike 0-1: Ball 1-1: Ball 2-1: Swinging Strike 2-2: Strikes out swinging
|
|
Batting: SHB Ivan Barry
|
0-0: Ball Egidius Kruger steals 2nd base 1-0: Called Strike 1-1: Called Strike 1-2: DOUBLE (Flyball, 7D, EV 75.0 MPH) Egidius Kruger scores
|
|
Batting: SHB Ruben Velasco Jr.
|
0-0: Ball 1-0: SINGLE (Line Drive, 78S, EV 93.1 MPH) Ivan Barry to third Runner from 3rd tries for Home, SAFE, throw by LF to home
|
|
Batting: RHB Vic Lucatero
|
0-0: Called Strike 0-1: Ball 1-1: Fielders Choice at 2nd, 5-4 (Groundball, 56, EV 86.2 MPH)
|
| Top of the 2nd over - 2 runs, 2 hits, 1 error, 1 left on base; Kannapolis 3 - Lexington 1 |
| BOTTOM OF THE 2ND |
|
Lexington Legends batting - Pitching for Kannapolis Intimidators : RHP Doug Frampton
|
|
Batting: RHB Nate De Jongh
|
0-0: Ball 1-0: Foul Ball, location: 2F 1-1: Swinging Strike 1-2: Fly out, F7 (Flyball, 7LS, EV 95.0 MPH)
|
|
Batting: RHB Kunimatsu Oya
|
0-0: Called Strike 0-1: Ground out U3 (Groundball, 34, EV 106.9 MPH)
|
|
Batting: RHB Eric Erickson
|
0-0: Called Strike 0-1: Ball 1-1: Ball 2-1: Ball 3-1: Base on Balls
|
|
Batting: RHB Doug Carter
|
0-0: Called Strike Eric Erickson steals 2nd base 0-1: 2-RUN HOME RUN (Flyball, 89XD, EV 99.4 MPH), Distance : 408 ft
|
|
Batting: SHB Ryoji Hiraoka
|
0-0: Ball 1-0: Swinging Strike 1-1: Ball 2-1: Called Strike 2-2: Ball 3-2: Foul Ball, location: 2F 3-2: DOUBLE (Flyball, 8RXD, EV 93.1 MPH)
|
|
Batting: RHB Andy Urquhart
|
0-0: Foul Ball, location: 2F 0-1: Foul Ball, location: 2F 0-2: Ball 1-2: Strikes out swinging
|
| Bottom of the 2nd over - 2 runs, 2 hits, 0 errors, 1 left on base; Kannapolis 3 - Lexington 3 |
| TOP OF THE 3RD |
|
Kannapolis Intimidators batting - Pitching for Lexington Legends : RHP Rich Frontczak
|
|
Batting: LHB Kevin Rolison
|
0-0: Reached on error, E6 (Groundball, 6M, EV 88.8 MPH)
|
|
Batting: RHB Benny O'Connor
|
0-0: Ball 1-0: Swinging Strike 1-1: Ball 2-1: Ball 3-1: Base on Balls Kevin Rolison to second
|
|
Batting: SHB Josh Conner
|
0-0: Ball 1-0: Called Strike 1-1: Ball 2-1: Foul Ball, location: 2F 2-2: Strikes out swinging
|
|
Batting: RHB Peter Wheeler
|
0-0: SINGLE (Groundball, 34D, EV 99.4 MPH) Kevin Rolison to third Benny O'Connor to second Runner from 3rd tries for Home, SAFE, throw by RF to home
|
|
Batting: RHB Egidius Kruger
|
0-0: Foul Ball, location: 2F 0-1: Foul Ball, location: 2F 0-2: Fielders Choice at 2nd, 6-4 (Groundball, 6S, EV 84.4 MPH) Benny O'Connor to third
|
|
Batting: LHB Robert Rauda
|
0-0: Ball 1-0: Ground out 1-3 (Groundball, 13, EV 68.1 MPH)
|
| Top of the 3rd over - 1 run, 1 hit, 1 error, 2 left on base; Kannapolis 4 - Lexington 3 |
| BOTTOM OF THE 3RD |
|
Lexington Legends batting - Pitching for Kannapolis Intimidators : RHP Doug Frampton
|
|
Batting: RHB Pete Deschamps
|
0-0: Ball 1-0: Ball 2-0: Foul Ball, location: 2F 2-1: Fly out, F6 (Line Drive, 6, EV 71.2 MPH)
|
|
Batting: LHB Robert Wilkins
|
0-0: Ground out 1-3 (Groundball, 13S, EV 66.2 MPH)
|
|
Batting: RHB Ben Garrett
|
0-0: Called Strike 0-1: Called Strike 0-2: DOUBLE (Groundball, 5L, EV 106.9 MPH)
|
|
Batting: RHB Nate De Jongh
|
0-0: Ball 1-0: Fly out, F8 (Line Drive, 89D, EV 90.6 MPH)
|
| Bottom of the 3rd over - 0 runs, 1 hit, 0 errors, 1 left on base; Kannapolis 4 - Lexington 3 |
| TOP OF THE 4TH |
|
Kannapolis Intimidators batting - Pitching for Lexington Legends : RHP Rich Frontczak
|
|
Batting: SHB Ivan Barry
|
0-0: Called Strike 0-1: Foul Ball, location: 2F 0-2: Fly out, F1 (Line Drive, P, EV 61.9 MPH)
|
|
Pitching: RHP Michiyo Takayama
|
|
|
Batting: SHB Ruben Velasco Jr.
|
0-0: Ball 1-0: Ball 2-0: Ball 3-0: Base on Balls
|
|
Batting: RHB Vic Lucatero
|
0-0: Ball 1-0: Ball Ruben Velasco Jr. is caught stealing 2nd base 2-4 2-0: Swinging Strike 2-1: Foul Ball, location: 2F 2-2: Foul Ball, location: 2F 2-2: Ball 3-2: Base on Balls
|
|
Batting: LHB Kevin Rolison
|
0-0: Ball 1-0: Ball Vic Lucatero steals 2nd, throwing error, E2 Vic Lucatero to third 2-0: Foul Ball, location: 2F 2-1: Foul Ball, location: 2F 2-2: Ball 3-2: SINGLE (Line Drive, 8LS, EV 95.6 MPH) Vic Lucatero scores
|
|
Batting: RHB Benny O'Connor
|
0-0: Ball 1-0: Ball 2-0: Called Strike 2-1: Foul Ball, location: 2F 2-2: Fielders Choice at 2nd, 5-4 (Groundball, 56, EV 86.9 MPH)
|
| Top of the 4th over - 1 run, 1 hit, 1 error, 1 left on base; Kannapolis 5 - Lexington 3 |
| BOTTOM OF THE 4TH |
|
Lexington Legends batting - Pitching for Kannapolis Intimidators : RHP Doug Frampton
|
|
Batting: RHB Kunimatsu Oya
|
0-0: Foul Ball, location: 2F 0-1: Ground out 6-3 (Groundball, 6, EV 91.9 MPH)
|
|
Batting: RHB Eric Erickson
|
0-0: Called Strike 0-1: Called Strike 0-2: Strikes out swinging
|
|
Batting: RHB Doug Carter
|
0-0: Called Strike 0-1: Ball 1-1: SINGLE (Groundball, 4MD, EV 96.9 MPH)
|
|
Batting: SHB Ryoji Hiraoka
|
0-0: Called Strike 0-1: Foul Ball, location: 2F 0-2: Ball 1-2: Ball 2-2: TRIPLE (Line Drive, 89XD, EV 112.5 MPH) Doug Carter scores
|
|
Batting: RHB Andy Urquhart
|
0-0: Ball 1-0: Ball 2-0: Ball 3-0: Called Strike 3-1: Base on Balls
|
|
Batting: RHB Pete Deschamps
|
0-0: Called Strike 0-1: Ball 1-1: Ball 2-1: SINGLE (Groundball, 13S, EV 71.2 MPH) (infield hit) Ryoji Hiraoka scores Andy Urquhart to second
|
|
Pitching: RHP Ricardo Bautista
|
|
|
Batting: LHB Robert Wilkins
|
0-0: Ball 1-0: Fielders Choice at 2nd, 6-4 (Groundball, 56, EV 81.9 MPH)
|
| Bottom of the 4th over - 2 runs, 3 hits, 0 errors, 2 left on base; Kannapolis 5 - Lexington 5 |
| TOP OF THE 5TH |
|
Kannapolis Intimidators batting - Pitching for Lexington Legends : RHP Michiyo Takayama
|
|
Batting: SHB Josh Conner
|
0-0: Ball 1-0: Ball 2-0: Foul Ball, location: 2F 2-1: Called Strike 2-2: Foul Ball, location: 2F 2-2: Ball 3-2: Strikes out looking
|
|
Batting: RHB Peter Wheeler
|
0-0: Called Strike 0-1: Swinging Strike 0-2: Ball 1-2: Ball 2-2: Foul Ball, location: 2F 2-2: Strikes out swinging
|
|
Batting: RHB Egidius Kruger
|
0-0: Ball 1-0: Foul Ball, location: 2F 1-1: Called Strike 1-2: Strikes out looking
|
| Top of the 5th over - 0 runs, 0 hits, 0 errors, 0 left on base; Kannapolis 5 - Lexington 5 |
| BOTTOM OF THE 5TH |
|
Lexington Legends batting - Pitching for Kannapolis Intimidators : RHP Ricardo Bautista
|
|
Batting: RHB Ben Garrett
|
0-0: Ball 1-0: SINGLE (Line Drive, 7LS, EV 101.9 MPH)
|
|
Batting: RHB Nate De Jongh
|
0-0: Foul Ball, location: 2F 0-1: Ball 1-1: Swinging Strike 1-2: Ball 2-2: Foul Ball, location: 2F 2-2: Ball 3-2: SINGLE (Groundball, 6MD, EV 104.4 MPH) Ben Garrett to second
|
|
Batting: RHB Kunimatsu Oya
|
0-0: Ground out 5-3 (Groundball, P, EV 81.2 MPH) Ben Garrett to third Nate De Jongh to second
|
|
Batting: RHB Eric Erickson
|
0-0: Ball 1-0: Foul Ball, location: 2F 1-1: Called Strike 1-2: Ball 2-2: Foul Ball, location: 2F 2-2: Strikes out swinging
|
|
Batting: RHB Doug Carter
|
0-0: Ball 1-0: Ball 2-0: Foul Ball, location: 2F 2-1: Ball 3-1: Called Strike 3-2: Foul Ball, location: 2F 3-2: Fly out, F6 (Line Drive, 6MD, EV 73.1 MPH)
|
| Bottom of the 5th over - 0 runs, 2 hits, 0 errors, 2 left on base; Kannapolis 5 - Lexington 5 |
| TOP OF THE 6TH |
|
Kannapolis Intimidators batting - Pitching for Lexington Legends : RHP Michiyo Takayama
|
|
Pitching: RHP Junsuke Abe
|
|
|
Batting: LHB Robert Rauda
|
0-0: Ball 1-0: Ball 2-0: Called Strike 2-1: Ball 3-1: Called Strike 3-2: Strikes out swinging, 2-3 out at first.
|
|
Batting: SHB Ivan Barry
|
0-0: Ball 1-0: SOLO HOME RUN (Flyball, 89XD, EV 101.2 MPH), Distance : 405 ft
|
|
Batting: SHB Ruben Velasco Jr.
|
0-0: Foul Ball, location: 2F 0-1: Ball 1-1: Ball 2-1: Ground out 4-3 (Groundball, 34, EV 108.1 MPH)
|
|
Batting: RHB Vic Lucatero
|
0-0: Ball 1-0: Foul Ball, location: 2F 1-1: Foul Ball, location: 2F 1-2: Ball 2-2: Foul Ball, location: 2F 2-2: Strikes out swinging
|
| Top of the 6th over - 1 run, 1 hit, 0 errors, 0 left on base; Kannapolis 6 - Lexington 5 |
| BOTTOM OF THE 6TH |
|
Lexington Legends batting - Pitching for Kannapolis Intimidators : RHP Ricardo Bautista
|
|
Batting: SHB Ryoji Hiraoka
|
0-0: Swinging Strike 0-1: Ball 1-1: Swinging Strike 1-2: Foul Ball, location: 2F 1-2: Foul Ball, location: 2F 1-2: Strikes out swinging
|
|
Batting: RHB Andy Urquhart
|
0-0: Called Strike 0-1: Ball 1-1: Foul Ball, location: 2F 1-2: Foul Ball, location: 2F 1-2: Strikes out swinging
|
|
Batting: RHB Pete Deschamps
|
0-0: Called Strike 0-1: Swinging Strike 0-2: SINGLE (Groundball, 34D, EV 105.0 MPH)
|
|
Batting: LHB Robert Wilkins
|
0-0: Swinging Strike 0-1: Foul Ball, location: 2F 0-2: Foul Ball, location: 2F 0-2: Foul Ball, location: 2F 0-2: Ball 1-2: Ball 2-2: Foul Ball, location: 2F 2-2: Hit by Pitch Pete Deschamps to second
|
|
Batting: RHB Ben Garrett
|
0-0: Called Strike 0-1: Foul Ball, location: 2F 0-2: Fly out, F4 (Line Drive, 4, EV 69.4 MPH)
|
| Bottom of the 6th over - 0 runs, 1 hit, 0 errors, 2 left on base; Kannapolis 6 - Lexington 5 |
| TOP OF THE 7TH |
|
Kannapolis Intimidators batting - Pitching for Lexington Legends : RHP Junsuke Abe
|
|
Pitching: RHP Alex Sanders
|
|
|
Batting: LHB Kevin Rolison
|
0-0: SOLO HOME RUN (Flyball, 9D, EV 101.9 MPH), Distance : 373 ft
|
|
Batting: RHB Benny O'Connor
|
0-0: Ball 1-0: Foul Ball, location: 2F 1-1: Ground out 3-1 (Groundball, 34, EV 91.9 MPH)
|
|
Batting: SHB Josh Conner
|
0-0: Foul Ball, location: 2F 0-1: Foul Ball, location: 2F 0-2: Strikes out looking
|
|
Batting: RHB Peter Wheeler
|
0-0: Called Strike 0-1: Foul Ball, location: 2F 0-2: Ground out 6-3 (Groundball, 6, EV 85.0 MPH)
|
| Top of the 7th over - 1 run, 1 hit, 0 errors, 0 left on base; Kannapolis 7 - Lexington 5 |
| BOTTOM OF THE 7TH |
|
Lexington Legends batting - Pitching for Kannapolis Intimidators : RHP Ricardo Bautista
|
|
Pitching: RHP Mike Tolley
|
|
|
Batting: RHB Nate De Jongh
|
0-0: Swinging Strike 0-1: Ball 1-1: Ball 2-1: Fly out, F8 (Flyball, 8RXD, EV 90.6 MPH)
|
|
Batting: RHB Kunimatsu Oya
|
0-0: Ball 1-0: Called Strike 1-1: Ball 2-1: Foul Ball, location: 2F 2-2: Foul Ball, location: 2F 2-2: Foul Ball, location: 2F 2-2: Ball 3-2: Strikes out swinging, 2-3 out at first.
|
|
Batting: RHB Eric Erickson
|
0-0: Called Strike 0-1: Ball 1-1: TRIPLE (Flyball, 78XD, EV 103.8 MPH)
|
|
Batting: RHB Doug Carter
|
0-0: SINGLE (Groundball, 4M, EV 88.8 MPH) (infield hit) Eric Erickson scores
|
|
Batting: SHB Ryoji Hiraoka
|
0-0: Ball Doug Carter steals 2nd, throwing error, E2 Doug Carter to third 1-0: Called Strike 1-1: Ground out 4-3 (Groundball, 34, EV 83.8 MPH)
|
| Bottom of the 7th over - 1 run, 2 hits, 1 error, 1 left on base; Kannapolis 7 - Lexington 6 |
| TOP OF THE 8TH |
|
Kannapolis Intimidators batting - Pitching for Lexington Legends : RHP Alex Sanders
|
|
Pitching: RHP Howie Seidler
|
|
|
Batting: RHB Egidius Kruger
|
0-0: Ball 1-0: SINGLE (Groundball, 34D, EV 94.4 MPH)
|
|
Batting: LHB Robert Rauda
|
0-0: Bunted foul 0-1: Sac Bunt to 5S - play at first, batter OUT! 5-3 Egidius Kruger to second
|
|
Batting: SHB Ivan Barry
|
0-0: Ball 1-0: Called Strike 1-1: Swinging Strike 1-2: Foul Ball, location: 2F 1-2: Ground out 6-3 (Groundball, 6, EV 81.2 MPH)
|
|
Batting: SHB Ruben Velasco Jr.
|
0-0: Ground out 3-1 (Groundball, 34S, EV 76.9 MPH)
|
| Top of the 8th over - 0 runs, 1 hit, 0 errors, 1 left on base; Kannapolis 7 - Lexington 6 |
| BOTTOM OF THE 8TH |
|
Lexington Legends batting - Pitching for Kannapolis Intimidators : RHP Mike Tolley
|
|
Batting: RHB Andy Urquhart
|
0-0: Swinging Strike 0-1: Ball 1-1: Ball 2-1: Called Strike 2-2: Strikes out swinging
|
|
Batting: RHB Pete Deschamps
|
0-0: Ball 1-0: Foul Ball, location: 2F 1-1: Swinging Strike 1-2: Strikes out swinging, 2-3 out at first.
|
|
Batting: LHB Robert Wilkins
|
0-0: Ball 1-0: Foul Ball, location: 2F 1-1: Ball 2-1: Ball 3-1: Called Strike 3-2: Foul Ball, location: 2F 3-2: SOLO HOME RUN (Line Drive, 89XD, EV 114.4 MPH), Distance : 420 ft
|
|
Batting: RHB Ben Garrett
|
0-0: Ball 1-0: Ball 2-0: Swinging Strike 2-1: Called Strike 2-2: Foul Ball, location: 2F 2-2: Ground out 1-3 (Groundball, 34S, EV 67.5 MPH)
|
| Bottom of the 8th over - 1 run, 1 hit, 0 errors, 0 left on base; Kannapolis 7 - Lexington 7 |
| TOP OF THE 9TH |
|
Kannapolis Intimidators batting - Pitching for Lexington Legends : RHP Howie Seidler
|
|
Batting: RHB Vic Lucatero
|
0-0: SINGLE (Groundball, 34D, EV 104.4 MPH)
|
|
Batting: LHB Kevin Rolison
|
0-0: Ball 1-0: Ball 2-0: Ground out 5-3 (Groundball, 56S, EV 66.2 MPH) Vic Lucatero to second
|
|
Batting: RHB Benny O'Connor
|
0-0: Ball 1-0: Ball 2-0: Foul Ball, location: 2F 2-1: Foul Ball, location: 2F 2-2: Fly out, F9 (Flyball, 9S, EV 76.9 MPH)
|
|
Batting: SHB Josh Conner
|
0-0: Intentional Walk
|
|
Pinch Hitting: SHB Matt Childers
|
0-0: Ball 1-0: Fly out, F7 (Line Drive, 7D, EV 91.9 MPH)
|
| Top of the 9th over - 0 runs, 1 hit, 0 errors, 2 left on base; Kannapolis 7 - Lexington 7 |
| BOTTOM OF THE 9TH |
|
Lexington Legends batting - Pitching for Kannapolis Intimidators : RHP Mike Tolley
|
|
Pitching: RHP Larry Cassano
|
|
|
Now at C: Bill Williams
|
|
|
Batting: RHB Nate De Jongh
|
0-0: Fly out, F7 (Flyball, 7D, EV 93.8 MPH)
|
|
Batting: RHB Kunimatsu Oya
|
0-0: Ball 1-0: Ball 2-0: Ball 3-0: Called Strike 3-1: Base on Balls
|
|
Batting: RHB Eric Erickson
|
0-0: Called Strike 0-1: Swinging Strike 0-2: Ball 1-2: Foul Ball, location: 2F 1-2: Strikes out swinging
|
|
Batting: RHB Doug Carter
|
0-0: Ball 1-0: Called Strike 1-1: Called Strike 1-2: Ball Kunimatsu Oya steals 2nd base 2-2: Ball 3-2: Foul Ball, location: 2F 3-2: Base on Balls
|
|
Batting: SHB Ryoji Hiraoka
|
0-0: Ball 1-0: Called Strike 1-1: Ball 2-1: Ground out 3-1 (Groundball, 34, EV 103.8 MPH)
|
| Bottom of the 9th over - 0 runs, 0 hits, 0 errors, 2 left on base; Kannapolis 7 - Lexington 7 |
| TOP OF THE 10TH |
|
Kannapolis Intimidators batting - Pitching for Lexington Legends : RHP Howie Seidler
|
|
Pinch Hitting: LHB Preston Knaak
|
0-0: Foul Ball, location: 2F 0-1: Swinging Strike 0-2: Ball 1-2: Fly out, F8 (Flyball, 8LD, EV 88.1 MPH)
|
|
Batting: LHB Robert Rauda
|
0-0: Ball 1-0: Ball 2-0: Called Strike 2-1: Ground out 4-3 (Groundball, 4M, EV 106.9 MPH)
|
|
Pitching: RHP Tony Jimenez
|
|
|
Batting: SHB Ivan Barry
|
0-0: Ball 1-0: Swinging Strike 1-1: Ball 2-1: Foul Ball, location: 2F 2-2: Strikes out looking
|
| Top of the 10th over - 0 runs, 0 hits, 0 errors, 0 left on base; Kannapolis 7 - Lexington 7 |
| BOTTOM OF THE 10TH |
|
Lexington Legends batting - Pitching for Kannapolis Intimidators : RHP Larry Cassano
|
|
Pitching: LHP Jonas Jennings
|
|
|
Now at SS: Jason Bresnahan
|
|
|
Batting: RHB Andy Urquhart
|
0-0: Ground out 6-3 (Groundball, 56D, EV 106.2 MPH)
|
|
Batting: RHB Pete Deschamps
|
0-0: Ball 1-0: Ball 2-0: Foul Ball, location: 2F 2-1: Foul Ball, location: 2F 2-2: Fly out, F9 (Flyball, 9D, EV 105.0 MPH)
|
|
Pinch Hitting: RHB Franklin Salazar
|
0-0: Ball 1-0: Foul Ball, location: 2F 1-1: Foul Ball, location: 2F 1-2: Ground out 3-1 (Groundball, 34S, EV 91.2 MPH)
|
| Bottom of the 10th over - 0 runs, 0 hits, 0 errors, 0 left on base; Kannapolis 7 - Lexington 7 |
| TOP OF THE 11TH |
|
Kannapolis Intimidators batting - Pitching for Lexington Legends : RHP Tony Jimenez
|
|
Now at 3B: Franklin Salazar
|
|
|
Batting: SHB Ruben Velasco Jr.
|
0-0: Ball 1-0: Foul Ball, location: 2F 1-1: Ball 2-1: Swinging Strike 2-2: Ball 3-2: SINGLE (Line Drive, 8RS, EV 90.6 MPH)
|
|
Batting: RHB Vic Lucatero
|
0-0: Foul Ball, location: 2F 0-1: SINGLE (Groundball, 6, EV 94.4 MPH) Ruben Velasco Jr. to second
|
|
Batting: LHB Kevin Rolison
|
0-0: Fielders Choice at 2nd, 6-4 (Groundball, 6M, EV 100.0 MPH) Ruben Velasco Jr. to third
|
|
Batting: RHB Benny O'Connor
|
0-0: Called Strike 0-1: Fly out, F9 (Flyball, 9, EV 91.2 MPH)
|
|
Batting: SHB Josh Conner
|
0-0: Ball 1-0: Swinging Strike 1-1: Swinging Strike 1-2: Ball 2-2: Ball 3-2: Ground out 3-1 (Groundball, 34, EV 86.2 MPH)
|
| Top of the 11th over - 0 runs, 2 hits, 0 errors, 2 left on base; Kannapolis 7 - Lexington 7 |
| BOTTOM OF THE 11TH |
|
Lexington Legends batting - Pitching for Kannapolis Intimidators : LHP Jonas Jennings
|
|
Batting: RHB Ben Garrett
|
0-0: Ball 1-0: Ball 2-0: Ball 3-0: Base on Balls
|
|
Batting: RHB Nate De Jongh
|
0-0: Bunted foul 0-1: Sac Bunt to 2R - play at first, batter OUT! 2-4 Ben Garrett to second
|
|
Batting: RHB Kunimatsu Oya
|
0-0: Called Strike 0-1: Ball 1-1: Ground out 5-3 (Groundball, 56, EV 86.9 MPH)
|
|
Batting: RHB Eric Erickson
|
0-0: Ball 1-0: Hit by Pitch
|
|
Pinch Runner at 2nd David Bearden:
|
|
|
Batting: RHB Doug Carter
|
0-0: Foul Ball, location: 2F 0-1: Ball 1-1: Called Strike 1-2: Foul Ball, location: 2F 1-2: Ball 2-2: Ball 3-2: Base on Balls David Bearden to third Eric Erickson to second
|
|
Batting: SHB Ryoji Hiraoka
|
0-0: Swinging Strike 0-1: Swinging Strike 0-2: Ball 1-2: Foul Ball, location: 2F 1-2: Ball 2-2: Ball 3-2: SINGLE (Line Drive, 8RS, EV 92.5 MPH) David Bearden scores
|
| Bottom of the 11th over - 1 run, 1 hit, 0 errors, 2 left on base; Kannapolis 7 - Lexington 8 |
|